 Seeded DCSS version 0.28.0-53-g5a82cb258f (webtiles) character file.

Game seed: 16693752765315655041 (custom seed)

77 NinjaNoafa the Poker (level 4, 0/35 HPs)
             Began as a Merfolk Gladiator on Aug 15, 2022.
             Slain by an orc
             ... wielding a +0 whip
              (2 damage)
             ... on level 2 of the Dungeon.
             The game lasted 00:03:23 (1283 turns).

NinjaNoafa the Poker (Merfolk Gladiator)            Turns: 1283, Time: 00:03:23

Health: 0/35       AC:  5    Str: 14    XL:     4   Next: 34%
Magic:  3/4        EV: 13    Int:  7    God:
Gold:   62         SH:  0    Dex: 19    Spells: 3/3 levels left

rFire   + . .      SeeInvis .   a - +0 trident
rCold   + . .      Faith    .   (no shield)
rNeg    . . .      Spirit   .   m - +1 leather armour of Behyaga {+Blink rC+ Dex+2}
rPois   .          Reflect  .   c - +0 helmet
rElec   .          Harm     .   (no cloak)
rCorr   .          Rampage  .   (no gloves)
Will    .....                   (no boots)
Stlth   +.........              (no amulet)
HPRegen 0.11/turn               g - ring of protection from fire
MPRegen 0.09/turn               (no ring)

@: on blink cooldown, studying Polearms
A: (nimble swimmer 2), mertail
a: Evoke Blink


You were on level 2 of the Dungeon.
You visited 1 branch of the dungeon, and saw 2 of its levels.

You collected 62 gold pieces.

Inventory:

Hand Weapons
 a - a +0 trident (weapon)
Missiles
 d - 3 throwing nets
 e - 3 stones
 j - 3 boomerangs (quivered)
Armour
 b - a +0 leather armour
 c - a +0 helmet (worn)
 m - the +1 leather armour of Behyaga (worn) {+Blink rC+ Dex+2}
   (You found it on level 2 of the Dungeon)

   Dex:       It affects your dexterity (+2).
   rC:        It protects you from cold.
   +Blink:    It lets you blink.
Jewellery
 g - a ring of protection from fire (left hand)
Wands
 k - a wand of flame (1)
Scrolls
 f - a scroll of identify {unknown}
 h - a scroll of enchant armour {unknown}
 i - a scroll of noise {unknown}
 l - a scroll of enchant weapon {unknown}


   Skills:
 + Level 3.3 Fighting
 + Level 6.5 Polearms
 + Level 2.2 Throwing
 - Level 4.0 Dodging


You had 3 spell levels left.
You didn't know any spells.
Your spell library was empty.

Dungeon Overview and Level Annotations

Branches:
Dungeon (2/15)

Altars:
Kikubaaqudgha


Innate Abilities, Weirdness & Mutations

((You are very nimble when in or above water. (Stealth+, EV+, Speed+++)))
Your lower body shifts to a powerful aquatic tail in water.


Message History

You hit the orc priest but do no damage.
The orc priest is severely wounded.
The orc priest mumbles some strange prayers to Beogh against you.
Pain shoots through your body!
You barely miss the orc priest.
The orc priest is severely wounded.
The orc hits you but does no damage. The orc priest closely misses you.
You hit the orc priest.
The orc priest is almost dead.
The orc closely misses you.
You hit the orc priest.
The orc priest is almost dead.
The orc hits you but does no damage.
The orc priest invokes the aid of Beogh against you.
Pain shoots through your body!
* * * LOW HITPOINT WARNING * * *
The orc wizard mumbles some strange words.
The orc wizard flickers and vanishes!
Deactivating autopickup; reactivate with Ctrl-A.
You hit the orc priest.
You kill the orc priest!
The orc hits you with a +0 whip.
* * * LOW HITPOINT WARNING * * *
You have reached level 4!
You aren't carrying any potions.
You hit the orc.
The orc is heavily wounded.
The orc hits you with a +0 whip.
* * * LOW HITPOINT WARNING * * *
Something hits you but does no damage.
Unknown command.
You blink.
The orc priest calls upon Beogh to heal the orc.
The orc closely misses you.
You hear some strange, mumbled words.
Something tries to affect you, but you resist.
As you read the scroll labelled QAQOPE MEETUN, it crumbles to dust.
It is a scroll of amnesia.
You feel forgetful for a moment. The orc hits you with a +0 whip.
You die...

#.##.........##...#####...#
#<##.........>..#..........
#.##........####..####...##
#.####....#.#....## #...#
#.###..##.....#### #...##
##.....####...## #.....
##..>#####....## #...## .
###.........§o...# #...#
..#...#########{@..## #...#
.............###....#########.##
..#....8...8..##o...........#.###
...............#.................
...#..........⌠#.................
...#...........#.#...............
...##..8...8..##.#...............
...##........###.................
...##.######## .........(........


You could see an orc priest and an orc.

Vanquished Creatures
  An orc priest (D:2)
  2 adders (D:2)
  3 ball pythons
  4 endoplasms (D:1)
  A giant cockroach (D:2)
  2 goblins (D:1)
  3 hobgoblins
  5 bats
  6 frilled lizards
  A kobold (D:1)
  A rat (D:1)
29 creatures vanquished.

Notes
Turn   | Place    | Note
-------+----------+-------------------------------------------
     0 | D:1      | NinjaNoafa the Merfolk Gladiator began the quest for the
                  | Orb.
     0 | D:1      | Reached XP level 1. HP: 16/16 MP: 1/1
   261 | D:1      | Reached skill level 5 in Polearms
   261 | D:1      | Reached XP level 2. HP: 23/23 MP: 2/2
   552 | D:2      | Reached XP level 3. HP: 21/28 MP: 3/3
   779 | D:2      | Identified the +1 leather armour of Behyaga {+Blink rC+
                  | Dex+2}
   794 | D:2      | Found an ancient bone altar of Kikubaaqudgha.
  1013 | D:1      | Reached skill level 6 in Polearms
  1281 | D:2      | Reached XP level 4. HP: 5/35 MP: 4/4
  1283 | D:2      | Slain by an orc

Illustrated notes

Levels and vault maps discovered:
D:1:      lemuel_arrival_muddy, layout_loops_ring
D:2:      cheibrodos_pilgrimage, layout_rooms, basic_altar

Skill      XL: |  1  2  3 |
---------------+----------+-----
Polearms       | 5 6 |  6.5
Fighting       | 3 |  3.3
Throwing       | |  2.2
Dodging        | |  4.0

Action                   |  1- 3 |  4- 6 || total
-------------------------+-------+-------++-------
Melee: Trident           |    87 |     1 ||    88
Throw: Boomerang         |     4 |       ||     4
 Abil: Evoke Blink       |       |     1 ||     1
  Use: Scroll            |       |     1 ||     1
 Stab: Sleeping          |     1 |       ||     1
Armor: Leather armour    |    28 |     1 ||    29
Dodge: Dodged            |    69 |     1 ||    70
